Map: Central Protocol

Players

TheDicTakor

  • Race: Protoss Protoss
  • League: Bronze

Novawulfen - Winner!

  • Race: Terran Terran

VOD

Have the link to the VOD?

Description

Time

  • Played on: Nov. 14, 2015, 6:23 p.m.
  • Length: 9:12
Show
View Real Time Build Order
Export as new Build Order

TheDicTakor Protoss 

Build Orders:  

Get SALT Encoding   

  12  0:02  Probe (Chrono Boost)  
  13  0:13  Probe (Chrono Boost)  
  14  0:17  Pylon  
  14  0:23  Probe (Chrono Boost)  
  16  0:35  Probe (Chrono Boost)  
  16  0:40  Gateway  
  16  0:46  Assimilator  
  16  0:48  Probe (Chrono Boost)  
  17  1:06  Probe (Chrono Boost)  
  18  1:16  Probe (Chrono Boost)  
  19  1:27  Probe (Chrono Boost)  
  20  1:34  Cybernetics Core  
  20  1:37  Probe (Chrono Boost)  
  21  1:43  Assimilator  
  21  1:47  Zealot  
  21  1:54  Pylon  
  23  1:57  Pylon  
  23  2:12  Probe (Chrono Boost)  
  23  2:13  Warp Gate (Chrono Boost)  
  24  2:20  Zealot  
  26  2:23  Probe  
  27  2:56  Stalker  
  29  3:03  Robotics Facility  
  29  3:05  Robotics Facility  
  29  3:13  Probe  
  29  3:16  Nexus  
  29  3:19  Pylon  
  30  3:29  Stalker  
  32  3:54  Immortal (Chrono Boost)  
  36  4:02  Immortal (Chrono Boost)  
  40  4:19  Gateway  
  40  4:24  Pylon  
  40  4:26  Pylon  
  40  4:28  Pylon  
  44  4:49  Immortal (Chrono Boost)  
  38  5:02  Stalker  
  40  5:08  Forge  
  39  5:25  Observer (Chrono Boost)  
  40  5:36  Probe  
  41  5:48  Probe  
  42  5:56  Stalker  
  44  6:00  Probe  
  40  6:12  Probe  
  41  6:18  Photon Cannon  
  41  6:27  Photon Cannon  
  41  6:45  Probe  
  42  6:55  Probe  
  42  7:06  Probe  
  43  7:17  Probe  
  44  7:28  Immortal (Chrono Boost)  
  48  7:37  Stalker  
  43  8:19  Stalker x2  
  32  8:43  Nexus  
  17  8:52  Stalker  
Show
View Real Time Build Order
Export as new Build Order

Novawulfen Terran - Winner!

Build Orders: 1/1/1 

Get SALT Encoding   

  12  0:00  SCV  
  13  0:13  SCV  
  14  0:17  Supply Depot  
  14  0:25  SCV  
  15  0:30  Refinery  
  15  0:39  SCV  
  16  0:45  Barracks  
  16  0:53  SCV  
  17  1:05  SCV  
  18  1:17  SCV  
  19  1:31  Orbital Command  
  19  1:32  Marine  
  20  1:38  Factory  
  20  1:50  Bunker, Marine  
  21  1:58  SCV  
  22  2:10  SCV  
  22  2:14  Supply Depot  
  22  2:15  Supply Depot  
  23  2:22  Starport  
  23  2:29  Supply Depot  
  23  2:35  SCV, Marine, Widow Mine  
  27  2:48  SCV  
  28  2:55  Command Center  
  28  3:00  SCV  
  28  3:03  Widow Mine  
  31  3:06  Medivac  
  31  3:07  Marine  
  34  3:13  SCV  
  35  3:21  Supply Depot  
  35  3:25  SCV  
  36  3:36  Marine  
  36  3:38  SCV  
  37  3:49  Widow Mine  
  37  3:50  SCV, Barracks  
  37  3:52  Barracks  
  37  3:54  Marine  
  41  3:58  Supply Depot  
  41  4:02  SCV  
  42  4:08  Refinery  
  42  4:09  Orbital Command  
  42  4:11  Marine  
  42  4:14  SCV  
  44  4:18  Medivac  
  44  4:19  Widow Mine  
  48  4:26  SCV  
  48  4:28  Engineering Bay  
  48  4:29  Marine  
  50  4:52  SCV x2  
  52  4:53  Barracks Reactor, Barracks Tech Lab  
  52  5:02  Widow Mine, Marine  
  52  5:04  SCV  
  52  5:05  Starport Reactor  
  56  5:11  SCV  
  57  5:16  Missile Turret  
  57  5:23  Supply Depot  
  57  5:27  SCV x2  
  57  5:28  Barracks Tech Lab, Marauder  
  61  5:29  Supply Depot  
  61  5:33  Refinery x2  
  61  5:36  Command Center, Marine  
  62  5:49  SCV x2, Marine, Marauder  
  69  5:50  Marauder  
  69  5:54  Marine  
  70  6:09  SCV x2  
  70  6:10  Widow Mine, Marine  
  70  6:11  Marine, Medivac, Marauder x2  
  82  6:21  SCV x2  
  84  6:27  Marine  
  85  6:33  SCV  
  85  6:34  SCV, Marauder x2, Marine  
  92  6:41  Factory Reactor  
  92  6:43  Medivac  
  94  6:48  SCV x2, Medivac, Marine  
  97  7:37  Marine  
  97  7:38  Marauder x2, Marine  
  97  7:43  SCV x2  
  106  7:44  Orbital Command  
  105  7:52  Engineering Bay  
  105  7:53  Armory  
  105  7:55  Marine  
  106  7:59  Marine  
  106  8:00  Marauder  
  109  8:06  Marauder  
  104  8:13  Marine  
  104  8:17  Marine  
  101  8:20  Marine  
  89  9:06  Missile Turret  
Tags
 
Add a new tag
Caveats
  • Supply blocks, unpowered buildings, or Contaminate may cause inaccurate times.
  • Supply counts are checked every 10 seconds.